 Dungeon Crawl Stone Soup version 0.20-a0-550-gf70bbbc (webtiles) character file.

111 ololoev the Skirmisher (level 4, -7/35 HPs)
             Began as a Mummy Fire Elementalist on Feb 2, 2017.
             Killed from afar by an orc wizard (12 damage)
             ... with a puff of flame
             ... on level 2 of the Dungeon.
             The game lasted 00:06:09 (2745 turns).

ololoev the Skirmisher (Mummy Fire Elementalist)    Turns: 2745, Time: 00:06:10

Health: -7/35      AC:  2    Str: 12    XL:     4   Next: 62%
Magic:  7/8        EV: 12    Int: 14    God:
Gold:   108        SH:  0    Dex: 12    Spells: 7/8 levels left

rFire    x . .     SeeInvis .   c - +0 dagger
rCold    + . .     Gourm    .   a - +0 robe
rNeg     + + +     Faith    .   (no shield)
rPois    ∞         Spirit   .   (no helmet)
rElec    .         Reflect  .   (no cloak)
rCorr    .         Harm     .   (no gloves)
MR       .....                  (no boots)
Stlth    ++........             (no amulet)
Regen    0.2/turn               (no ring)
                                (no ring)

@: no status effects
A: no food or potions, fire vulnerability, cold resistance 1, negative energy
resistance 3, torment resistance, unbreathing
a: no special abilities


Innate Abilities, Weirdness & Mutations

You do not eat or drink.
Your flesh is vulnerable to fire.
You are immune to poison.
Your flesh is cold resistant. (rC+)
You are immune to negative energy. (rN+++)
You are immune to unholy pain and torment.
You can survive without breathing.

Inventory:

Hand Weapons
 c - a +0 dagger (weapon)
Armour
 a - a +0 robe (worn)
Scrolls
 d - 5 scrolls of identify {unknown}
 e - a scroll of enchant weapon {unknown}
 f - a scroll of random uselessness {unknown}
 g - a scroll of magic mapping {unknown}
 h - 2 scrolls of fog {unknown}
 i - a scroll of amnesia {unknown}
 j - a scroll of fear {unknown}
 k - a scroll of teleportation {unknown}
Books
 b - a book of Flames

   Spells                             Type                      Level
   a - Flame Tongue                   Conjuration/Fire             1
   b - Throw Flame                    Conjuration/Fire             2
   c - Conjure Flame                  Conjuration/Fire             3
   d - Inner Flame                    Hexes/Fire                   3
   e - Sticky Flame                   Conjuration/Fire             4
   f - Fireball                       Conjuration/Fire             5


   Skills:
 + Level 3.1 Fighting
 + Level 2.2 Armour
 - Level 1.5 Dodging
 - Level 1.5 Stealth
 - Level 2.6 Spellcasting
 - Level 0.7 Conjurations
 - Level 2.4 Fire Magic


You had 7 spell levels left.
You knew the following spells:

 Your Spells              Type           Power        Failure   Level  Hunger
a - Flame Tongue          Conj/Fire      #....        14%         1    N/A


You were on level 2 of the Dungeon.
You were not hungry.

You visited 1 branch of the dungeon, and saw 3 of its levels.

You collected 108 gold pieces.

#.........'......#.......
#.........#..###.##.....#
#.........#..##..####.###
#.........#..##..........
#.........+..##.#......#.
#.........#..##.#........
###+####.##..##.#....(.##
#.# #.##.............. #.#
#@................ #.#
#{##..##.#####.... #.#
#.##..............
#.####.###.##.#####.###
####...........#.# #.# #
#..........##..#.# #.###
#.#######..##..#.#####.##.
#.#######..##....##.##.##.
##.##....#..##....##.##.##.

Notes
Turn   | Place    | Note
-------+----------+-------------------------------------------
     0 | D:1      | ololoev the Mummy Fire Elementalist began the quest for the Orb.
     0 | D:1      | Reached XP level 1. HP: 13/13 MP: 4/4
    69 | D:1      | Iwannabefree: хорошо сделоли
   152 | D:1      | Reached skill level 1 in Fighting
   248 | D:1      | Reached XP level 2. HP: 18/21 MP: 1/5
   397 | D:1      | Found a shattered altar of Ashenzari.
   533 | D:1      | Reached skill level 1 in Armour
   768 | D:1      | Reached skill level 2 in Fighting
   906 | D:1      | Reached XP level 3. HP: 26/27 MP: 2/7
  1545 | D:2      | Found a stormy altar of Qazlal.
  1683 | D:2      | Reached XP level 4. HP: 34/34 MP: 5/8
  2324 | D:3      | Reached skill level 3 in Fighting
  2745 | D:2      | Killed from afar by an orc wizard

Dungeon Overview and Level Annotations

Branches:
Dungeon (3/15)

Altars:
Ashenzari
Qazlal


Message History

A giant cockroach comes into view.
There are monsters nearby!
There are monsters nearby!
There are monsters nearby!
There are monsters nearby!
The goblin shouts!
The giant cockroach barely misses you.
Casting: Flame Tongue
Confirm with . or Enter, or press ? or * to list all spells.
Aiming: Flame Tongue
Press: ? - help, Shift-Dir - straight line, f - giant cockroach
Aim: a giant cockroach The flame tongue hits the giant cockroach.
You kill the giant cockroach!
Casting: Flame Tongue
Confirm with . or Enter, or press ? or * to list all spells.
Aiming: Flame Tongue
Press: ? - help, Shift-Dir - straight line, f - goblin
Aim: a goblin, wielding a dagger The flame tongue hits the goblin.
You kill the goblin!
Casting: Flame Tongue
Confirm with . or Enter, or press ? or * to list all spells.
You can't see any susceptible monsters within range! (Use Z to cast anyway.)
k - a scroll labeled CYSMOJ EHAGGI
Things that are here:
a dagger; a goblin corpse
Things that are here:
a dagger; a goblin corpse
Things that are here:
a dagger; a goblin corpse You see here 17 stones.
The orc wizard shouts!
The orc wizard mumbles some strange words.
The orc wizard flickers and vanishes!
Deactivating autopickup; reactivate with Ctrl-A.
The orc wizard shouts!
The orc wizard is too close now for your liking.
Something tries to affect you, but you resist.
You see here a club.
Things that are here:
a short sword; a leather armour; an orc skeleton A magic dart appears from out of thin air!
The magic dart hits you!
Something tries to affect you, but you resist.
You are confused.
You're too confused to move!
You're too confused to move!
You are more confused.
You bump into the rock wall.
The orc wizard casts a spell.
The orc wizard flickers and vanishes!
Something hits you but does no damage.
You hear some strange, mumbled words.
Something tries to affect you, but you resist.
You hear some strange, mumbled words.
You bump into the rock wall.
Something hits you.
You feel less confused.
You hear some strange, mumbled words.
A puff of flame appears from out of thin air!
The puff of flame misses you. Something hits you.
There is a stone staircase leading up here.
You hear some strange, mumbled words.
A magic dart appears from out of thin air!
The magic dart hits you! Something hits you.
You climb upwards.
There is a stone staircase leading down here.
Autopickup is now on.
Deactivating autopickup; reactivate with Ctrl-A.
You closely miss something. Something hits you but does no damage.
Something hits you.
Casting: Flame Tongue
Confirm with . or Enter, or press ? or * to list all spells.
Aiming: Flame Tongue
Press: ? - help, Shift-Dir - straight line The flame tongue hits something.
Something hits you.
You hear some strange, mumbled words.
A puff of flame appears from out of thin air!
The puff of flame hits you! The fire burns you terribly!
You die...

There were no monsters in sight!

Vanquished Creatures
  4 adders
  An ooze (D:1)
  2 worms (D:2)
  A dart slug (D:1)
  2 leopard geckos
  2 orcs (D:3)
  A ball python (D:3)
  7 bats
  2 giant cockroaches (D:3)
  9 goblins
  8 hobgoblins
  3 frilled lizards (D:2)
  7 kobolds
  9 rats
58 creatures vanquished.

Action                   |  1- 3 |  4- 6 || total
-------------------------+-------+-------++-------
Melee: Dagger            |    23 |    24 ||    47
 Cast: Flame Tongue      |    61 |    33 ||    94
 Stab: Sleeping          |     1 |       ||     1
Armor: Robe              |    10 |    20 ||    30
Dodge: Dodged            |    43 |    34 ||    77

Vault maps used:
D:1:      dpeg_arrival_circle_labyrinth_c, nicolae_ashenzari_panopticon
D:2:      old_standard_altar
